 Dungeon Crawl Stone Soup version 0.17-a0-2118-g63bad21 (webtiles) character file.

34 4thArraOfDagon the Insei (level 3, -1/34 HPs)
             Began as a Naga Monk on Oct 20, 2015.
             Slain by an orc
             ... wielding a +0 flail
              (7 damage)
             ... on level 4 of the Dungeon.
             The game lasted 00:02:53 (446 turns).

4thArraOfDagon the Insei (Naga Monk)                 Turns: 446, Time: 00:02:53

Health: -1/34      AC:  2    Str: 18    XL:     3   Next: 31%
Magic:  3/3        EV: 10    Int: 16    God:
Gold:   59         SH:  0    Dex: 13    Spells: 0 memorised, 2 levels left

rFire  . . .     SeeInvis +       - Unarmed
rCold  . . .     Clarity  .     d - +0 robe {Archmagi}
rNeg   . . .     SustAt   .     (no shield)
rPois  +         Gourm    .     (no helmet)
rElec  .         Spirit   .     (no cloak)
rCorr  .         Warding  .     (no gloves)
rMut   .         Stasis   .     (no barding)
MR     .....                    (no amulet)
Stlth  ++........               (no ring)
                                (no ring)

@: mighty, brilliant, short of breath, very slow, not resistant to hostile
enchantments, unstealthy
A: see invisible, deformed body, poison resistance, slowness 2, slow metabolism
1, spit poison 2, AC +1
a: Spit Poison


You were on level 4 of the Dungeon.
You were not hungry.

You visited 1 branch of the dungeon, and saw 4 of its levels.

You collected 59 gold pieces.

Inventory:

Armour
 d - a +0 robe of the Archmagi (worn)
Scrolls
 c - a scroll of amnesia {unknown}
 g - a scroll of enchant armour {unknown}
Potions
 a - 2 potions of brilliance
Comestibles
 b - 2 bread rations
 h - 2 chunks of flesh


   Skills:
 + Level 3.3 Fighting
 + Level 2.6 Dodging
 - Level 3.0 Stealth
 * Level 4.6 Unarmed Combat


You had 2 spell levels left.
You didn't know any spells.

Dungeon Overview and Level Annotations

Branches:
Dungeon (4/15)
 Temple: D:4-7

Altars:
Trog

Annotations:
D:3 Robin


Innate Abilities, Weirdness & Mutations

You cannot wear boots.
Your serpentine skin is tough (AC +1).
You have supernaturally acute eyesight.
Armour fits poorly on your strangely shaped body.
Your system is resistant to poisons.
You cover ground very slowly.
You have a slow metabolism.
You can spit poison.


Message History

You feel slightly more hungry. The orc hits you but does no damage.
The orc hits you but does no damage. The orc closely misses you.
Unknown command.
Unknown command.
Drink which item? (? for menu, Esc to quit)
Okay, then.
You closely miss the orc. Your punch misses the orc.
The orc is moderately wounded.
The orc hits you with a club.
* * * LOW HITPOINT WARNING * * *
Unknown command.
Unknown command.
Unknown command.
Unknown command.
You closely miss the orc.
The orc is moderately wounded.
The orc hits you with a club.
* * * LOW HITPOINT WARNING * * *
The orc hits you with a flail!
You die...

##.......# . # ##.....#.##
.# # #. ...#.#...#..## #
#.# ##........#......###
##..##.....# .....#...###
###...o#)..#####....##..###
#.........o.......####.. #
#.#...#..#oo.#......#...###
#......[.#@o...............
#.....#.##.#.#......#.#####
##...#...#..........#. #
#.......#..........##.####
...#........###.#..#.....
#.#####......##.....###...
....##.##..#....#..#. ....
#....###......#. .# ####.
#........


You could see an orc priest and 3 orcs.

Vanquished Creatures
  An adder (D:4)
  A giant gecko (D:4)
  6 orcs
  5 goblins
  2 quokkas
  2 giant newts
  A quokka skeleton (D:4)
18 creatures vanquished.

Notes
Turn   | Place    | Note
--------------------------------------------------------------
     0 | D:1      | 4thArraOfDagon the Naga Monk began the quest for the Orb.
     0 | D:1      | Reached XP level 1. HP: 21/21 MP: 1/1
   168 | D:3      | Reached XP level 2. HP: 25/28 MP: 2/2
   273 | D:4      | Reached XP level 3. HP: 30/34 MP: 3/3
   310 | D:3      | Noticed Robin
   310 | D:3      | Noticed a worker ant
   357 | D:4      | Found a bloodstained altar of Trog.
   401 | D:4      | Noticed an ogre
   446 | D:4      | Slain by an orc

Vault maps used:
D:1:      minmay_arrival_plants_in_alcoves
D:2:      old_standard_altar
D:3:      minmay_mini_jars, uniq_terence, uniq_robin
D:4:      nicolae_overflow_hidden_temple, lemuel_doored_altar,
          lemuel_zombie_altar_kikubaaqudgha, gammafunk_temple_overflow_statue,
          portal_sewer_entry_d, serial_shops, shop, hangedman_decor_lopped

Action                   || total
-------------------------++-------
Melee: Unarmed           ||    39
 Abil: Spit Poison       ||    22
  Use: Potion            ||     3
       Scroll            ||     1
